 Dungeon Crawl Stone Soup version 0.27.1-35-g4d5d836560 (webtiles) character file.

Game seed: 513576588619079146

1297 Delamore the Covert (level 8, 0/51 HPs)
             Began as an Octopode Brigand on Apr 17, 2022.
             Was an Initiate of Gozag.
             Slain by Dowan (14 damage)
             ... on level 6 of the Dungeon.
             The game lasted 00:06:08 (5910 turns).

Delamore the Covert (Octopode Brigand)              Turns: 5910, Time: 00:06:09

Health: 0/51       AC:  1    Str: 10    XL:     8   Next: 56%
Magic:  8/8        EV: 13    Int: 19    God:    Gozag
Gold:   149        SH:  0    Dex: 16    Spells: 7/7 levels left

rFire    . . .     SeeInvis .   w - +4 dagger of Qeyxakkone {freeze, rN+ Int+6}
rCold    . . .     Faith    .   (no shield)
rNeg     + . .     Spirit   .   (helmet restricted)
rPois    .         Reflect  .   o - amulet of magic regeneration
rElec    .         Harm     .   (no ring)
rCorr    .         Rampage  .   (no ring)
Will     .....                  (no ring)
Stlth    +++++.....             (no ring)
HPRegen  0.17/turn              (no ring)
MPRegen  0.36/turn              (no ring)
                                (no ring)
                                (no ring)

@: no status effects
A: almost no armour, amphibious, 8 rings, camouflage 1, gelatinous body 1,
(nimble swimmer 1), tentacles
a: Renounce Religion, Potion Petition, Call Merchant, Bribe Branch


You were on level 6 of the Dungeon.
You worshipped Gozag.
Gozag was aware of your devotion.
You visited 1 branch of the dungeon, and saw 6 of its levels.

You collected 227 gold pieces.
You paid 78 gold pieces to Gozag.

Inventory:

Hand Weapons
 p - a +0 rapier
 w - the +4 dagger of Qeyxakkone (weapon) {freeze, rN+ Int+6}
   (You found it on level 5 of the Dungeon)

   It freezes those it strikes, dealing additional cold damage.
   It can also slow down cold-blooded creatures.
   Int:       It affects your intelligence (+6).
   rN:        It protects you from negative energy.
Missiles
 b - 21 poisoned darts (quivered)
Jewellery
 o - an amulet of magic regeneration (around mantle)
 r - the ring "Namac" {Fire Fly}
   (You found it on level 4 of the Dungeon)

   [ring of fire]

   It enhances your fire magic.
   rF:        It protects you from fire.
   rC:        It makes you vulnerable to cold.
   Fly:       It grants you flight.
Scrolls
 c - a scroll of teleportation {unknown}
 e - a scroll of brand weapon {unknown}
 f - a scroll of noise
 j - 3 scrolls of fear
 n - 2 scrolls of blinking
 q - a scroll of vulnerability
 s - a scroll of silence
 t - a scroll of immolation {unknown}
 v - a scroll of torment {unknown}
Potions
 a - a potion of haste {unknown}
 d - 3 potions of invisibility
 g - a potion of ambrosia
 h - a potion of curing
 i - a potion of flight
 k - a potion of cancellation {unknown}
 l - a potion of might {unknown}
 m - 4 potions of brilliance {unknown}
 u - a potion of heal wounds {unknown}


   Skills:
 + Level 2.8 Fighting
 * Level 8.1 Short Blades
 - Level 2.0 Throwing
 + Level 2.2 Dodging
 + Level 9.5 Stealth


You had 7 spell levels left.
You didn't know any spells.
Your spell library contained the following spells:

 Spells                   Type           Power      Damage    Failure   Level
 Animate Skeleton         Necr           0%         N/A       21%         1
 Apportation              Tloc           0%         N/A       21%         1
 Corona                   Hex            0%         N/A       21%         1
 Summon Small Mammal      Summ           0%         N/A       21%         1
 Corpse Rot               Necr/Air       N/A        N/A       30%         2
 Passwall                 Tmut/Erth      0%         N/A       30%         2
 Dazzling Flash           Conj/Hex       0%         N/A       52%         3
 Gell's Gravitas          Tloc           0%         N/A       52%         3
 Lesser Beckoning         Tloc           0%         N/A       52%         3
 Swiftness                Air            0%         N/A       52%         3
 Teleport Other           Tloc           0%         N/A       52%         3
 Dispel Undead            Necr           0%         3d6       90%         4
 Summon Ice Beast         Ice/Summ       0%         N/A       90%         4
 Agony                    Necr           0%         N/A       99%         5
 Silence                  Hex/Air        0%         N/A       99%         5
 Summon Mana Viper        Hex/Summ       0%         N/A       99%         5
 Death Channel            Necr           0%         N/A       100%        6
 Invisibility             Hex            0%         N/A       100%        6
 Monstrous Menagerie      Summ           0%         N/A       100%        7


Dungeon Overview and Level Annotations

Branches:
Dungeon (6/15)
 Temple: D:4-7

Altars:
Gozag
Zin

Shops:
D:6 *

Annotations:
D:6 Dowan, Sigmund


Innate Abilities, Weirdness & Mutations

You cannot wear most types of armour.
You are amphibious.
You can wear up to eight rings at the same time.
Your skin changes colour to match your surroundings (Stealth+).
Your rubbery body absorbs attacks. (AC +1, EV +1)
((You are camouflaged near water. (Stealth+)))
You have tentacles for arms and can constrict up to eight enemies at once.


Message History

Duvessa is nearby!
A phantom comes into view.
Dowan, Brother of Duvessa comes into view.
He is wielding a +0 dagger of electrocution.
Found a scroll labelled IDEATIFAKK.
The helpless Duvessa fails to defend herself.
You spit Duvessa like a pig!!!! You freeze Duvessa!!
You kill Duvessa!
Dowan seems overcome with grief, but rights himself reflexively soon after.
Dowan seems to find hidden reserves of power!
You throw a poisoned dart. The poisoned dart barely misses Dowan.
Dowan shouts!
You throw a poisoned dart. The poisoned dart hits Dowan.
Dowan casts a spell at you. The stone arrow hits you!
You throw a poisoned dart. The poisoned dart barely misses Dowan.
Sigmund the Dreaded comes into view.
He is wielding a +0 scythe.
You throw a poisoned dart. The poisoned dart hits Dowan.
Dowan is poisoned.
Sigmund shouts!
You completely miss Dowan. Your grab misses Dowan.
Dowan gestures at you while chanting. The shard of ice misses you.
You barely miss Dowan. You grab Dowan.
Dowan is lightly wounded.
You constrict Dowan.
Dowan hits you with a +0 dagger of electrocution.
You are electrocuted!
You hit Dowan. You freeze Dowan. You squeeze Dowan.
Dowan is heavily wounded.
You constrict Dowan, but do no damage.
Dowan hits you with a +0 dagger of electrocution.
You are electrocuted!
You are too injured to fight recklessly!
You hit Dowan but do no damage.
Dowan is heavily wounded.
You constrict Dowan.
Dowan hits you with a +0 dagger of electrocution.
* * * LOW HITPOINT WARNING * * *
You are electrocuted!
You die...
Your body crumbles into a pile of gold.

.. .. .. ?###.##
.########......#
...............
............
.##.###..#.##.###
W...(...@e..(..(
#.#.#$.#....... .
#......####...#
..##.#.#..####.#.#
.................
.
...##.#.#..####?#
.................
.......$...##....
..##.#.#.## #.#


You could see Dowan (fast, poisoned).

Vanquished Creatures
  Grinder (D:5)
  Eustachio (D:6)
  Menkaure (D:5)
  Edmund (D:5)
  Duvessa (D:6)
  A centaur (D:5)
  Blork the orc (D:4)
  A scorpion (D:4)
  A bullfrog zombie (D:5)
  A bullfrog skeleton (D:5)
  2 hounds
  An iguana (D:5)
  A scorpion zombie (D:5)
  3 orc wizards
  A howler monkey skeleton (D:5)
  6 adders
  A shadow imp (D:5)
  An ufetubus (D:4)
  An adder skeleton (D:4)
  2 worms
  3 dart slugs
  6 orcs (D:3)
  4 endoplasms
  A giant cockroach (D:3)
  7 goblins
  8 hobgoblins
  7 jackals
  9 kobolds
  4 quokkas
  9 ball pythons
  8 bats
  3 frilled lizards
  4 rats (D:2)
102 creatures vanquished.

Vanquished Creatures (collateral kills)
  An orc (D:4)
1 creature vanquished.

Grand Total: 103 creatures vanquished

Notes
Turn   | Place    | Note
-------+----------+-------------------------------------------
     0 | D:1      | Delamore the Octopode Brigand began the quest for the Orb.
     0 | D:1      | Reached XP level 1. HP: 14/14 MP: 1/1
   190 | D:1      | Reached XP level 2. HP: 19/19 MP: 2/2
   287 | D:1      | Found a faded altar of an unknown god.
   501 | D:1      | Reached XP level 3. HP: 24/24 MP: 3/3
   894 | D:2      | Reached skill level 6 in Stealth
   955 | D:2      | Reached XP level 4. HP: 22/29 MP: 4/4
  2130 | D:3      | Found a glowing silver altar of Zin.
  2148 | D:3      | Reached XP level 5. HP: 34/34 MP: 5/5
  3101 | D:3      | HP: 1/34 [orc (4)]
  3348 | D:4      | Reached skill level 5 in Short Blades
  3348 | D:4      | Reached skill level 7 in Stealth
  3461 | D:4      | Reached XP level 6. HP: 25/39 MP: 6/6
  3600 | D:4      | Identified the ring "Namac" {Fire Fly}
  3840 | D:4      | Noticed Blork the orc
  3868 | D:4      | Killed Blork the orc
  4217 | D:5      | Entered Level 5 of the Dungeon
  4248 | D:5      | Noticed Menkaure
  4248 | D:5      | Noticed Grinder
  4453 | D:5      | Killed Menkaure
  4454 | D:5      | Reached skill level 8 in Stealth
  4454 | D:5      | Reached XP level 7. HP: 45/45 MP: 7/7
  4482 | D:5      | Killed Grinder
  4622 | D:5      | Identified the +4 dagger of Qeyxakkone {freeze, rN+ Int+6}
  5008 | D:5      | Noticed Edmund
  5248 | D:5      | Reached skill level 9 in Stealth
  5248 | D:5      | Reached XP level 8. HP: 50/50 MP: 8/8
  5319 | D:5      | Killed Edmund
  5844 | D:6      | Found an opulent altar of Gozag.
  5847 | D:6      | Found Gozag's Platinum Reserve.
  5883 | D:6      | Became a worshipper of Gozag Ym Sagoz the Greedy
  5886 | D:6      | Noticed Eustachio
  5893 | D:6      | Killed Eustachio
  5894 | D:6      | Noticed Duvessa
  5897 | D:6      | Noticed Dowan
  5900 | D:6      | Killed Duvessa
  5905 | D:6      | Noticed Sigmund
  5910 | D:6      | Slain by Dowan

Illustrated notes

Levels and vault maps discovered:
D:1:      dpeg_arrival_windows_large_door, layout_basic,
          shapermc_ecumenical_altar_starsandcircs
D:2:      layout_loops_ring, grunt_ministairs_10, kennysheep_generic_room_5
D:3:      layout_basic, mainiacjoe_overflow_surrounded_room
D:4:      layout_cave_pools, uniq_blork_the_orc
D:5:      layout_loops_cross, uniq_menkaure, uniq_grinder, uniq_edmund
D:6:      layout_basic, lemuel_zombie_altar_yredelemnul, general_overflow_altar,
          fedhas_altar_decomposition, nicolae_gozag_zags_fifth_avenue,
          uniq_duvessa, uniq_sigmund, uniq_eustachio

Skill      XL: |  1  2  3  4  5  6  7  8 |
---------------+-------------------------+-----
Short Blades   | 3 4 5 6 7 8 |  8.1
Stealth        | 6 7 8 9 |  9.5
Dodging        | 2 |  2.2
Fighting       | |  2.8
Throwing       | |  2.0

Action                   |  1- 3 |  4- 6 |  7- 9 || total
-------------------------+-------+-------+-------++-------
Melee: Dagger            |    55 |   118 |    56 ||   229
       Constrict         |     9 |    25 |    12 ||    46
       Tentacles         |     6 |    27 |    16 ||    49
Throw: Dart              |       |     9 |    14 ||    23
  Use: Scroll            |     4 |     7 |       ||    11
       Potion            |       |     2 |     1 ||     3
 Stab: Sleeping          |    17 |    20 |     4 ||    41
       Distracted        |       |     1 |     1 ||     2
Armor: Skin              |       |    11 |     2 ||    13
Dodge: Dodged            |    33 |    51 |    15 ||    99
